 Dungeon Crawl Stone Soup version 0.31.0-11-ge490571c62 (webtiles) character file.

Game seed: 10276691792565510378

554 Jo5h the Trooper (level 7, 38/66 HPs)
             Began as a Gargoyle Berserker on Jan 30, 2024.
             Was a Believer of Trog.
             Quit the game on level 4 of the Dungeon.
             The game lasted 00:25:12 (3535 turns).

Jo5h the Trooper (Gargoyle Berserker)               Turns: 3535, Time: 00:25:13

Health: 38/66      AC: 23    Str: 23    XL:     7   Next: 30%
Magic:  7/7        EV:  2    Int:  7    God:    Trog [**....]
Gold:   355        SH:  0    Dex:  9    Spells: 6/6 levels left

rFire   + + .        (no weapon)
rCold   + . .        (no shield)
rNeg    + . .        r - melded +1 scale mail {rC+}
rPois   ∞            (helmet currently unavailable)
rElec   +            (cloak currently unavailable)
rCorr   +            (gloves currently unavailable)
SInv    .            (boots currently unavailable)
Will    .....        (no amulet)
Stlth   +            l - ring of protection from fire
HPRegen 0.31/turn    (no ring)
MPRegen 0.10/turn

%: no passive effects
@: tree-form, resistant, hasted, very quick
A: stationary, stasis, torment immunity, boosted hp, sickness immunity, AC +4,
negative energy resistance 1, (electricity resistance), torment resistance 1,
petrification resistance
a: Renounce Religion, Berserk, Trog's Hand


You were on level 4 of the Dungeon.
You worshipped Trog.
Trog was pleased with you.
You were a tree.
You visited 1 branch of the dungeon, and saw 4 of its levels.

You collected 355 gold pieces.

Inventory:

Hand Weapons
 a - a +0 mace
 e - a +0 battleaxe
 i - a +1 war axe of flaming
 t - a +1 short sword of electrocution
 v - a +0 long sword
Missiles
 g - 2 poisoned darts (quivered)
Armour
 b - a +0 animal skin
 r - a +1 scale mail of cold resistance (melded)
Jewellery
 l - a ring of protection from fire (left branch)
Scrolls
 c - a scroll of fog {unknown}
 f - 2 scrolls of amnesia {unknown}
 h - a scroll of enchant armour {unknown}
 k - 3 scrolls of identify {unknown}
 n - a scroll of immolation {unknown}
 p - 3 scrolls of teleportation {unknown}
 s - a scroll of revelation {unknown}
 w - a scroll of butterflies {unknown}


   Skills:
 + Level 4.9 Fighting
 + Level 4.5(5.0) Axes
 + Level 3.6(4.9) Maces & Flails
 + Level 3.1 Armour
 + Level 2.9 Dodging
 + Level 0.6 Stealth


You had 6 spell levels left.
You didn't know any spells.
Your spell library contained the following spells:

 Spells                   Type           Power      Damage    Failure   Level
 Slow                     Hex            0%         N/A       43%         1
 Blink                    Tloc           0%         N/A       56%         2
 Lesser Beckoning         Tloc           0%         N/A       56%         2
 Momentum Strike          Conj/Tloc      0%         3d8       56%         2
 Confusing Touch          Hex            0%         N/A       80%         3
 Dazzling Flash           Conj/Hex       0%         N/A       80%         3
 Sigil of Binding         Hex            0%         N/A       80%         3
 Vampiric Draining        Necr           0%         2d6       80%         3
 Volatile Blastmotes      Fire/Tloc      0%         2d10      80%         3
 Fulminant Prism          Conj/Alch      0%         3d5       99%         4
 Iskenderun's Mystic Bla  Conj/Tloc      0%         2d3       99%         4
 Starburst                Conj/Fire      0%         6d3       100%        6
 Maxwell's Capacitive Co  Air            0%         ∞         100%        8


Dungeon Overview and Level Annotations

Branches:
Dungeon (4/15)
 Temple: D:4-7

Altars:
Kikubaaqudgha
Makhleb
Sif Muna
Vehumet
Wu Jian
Xom


Innate Abilities, Weirdness & Mutations

You are a tree.
Your roots penetrate the ground, keeping you stationary.
You cannot be teleported.
You are immune to unholy pain and torment.
Your maximum health is greatly increased.
Your equipment is partially melded.
You are immune to sickness and miasma.
((Your stone body is resilient. (AC +4)))
You are immune to poison.
You resist negative energy. (rN+)
((You are resistant to electric shocks. (rElec)))
You are resistant to unholy torment.
You are immune to petrification.


Message History

Trog says: Kill them all!
Press ? for a list of commands and other information.
Your +1 war axe of flaming stops flaming.
You are now empty-handed.
You cannot move.
You cannot move.
You cannot move.
You cannot move.
You cannot move.
You cannot move.
You cannot move.
You cannot move.
You cannot move.
You cannot move.
You cannot move.
You cannot move.
You cannot move.
You cannot move.
You cannot move.
You cannot move.
You cannot move.
You cannot move.
You cannot move.
You cannot move.
You cannot move.
You cannot move.
You cannot move.
You cannot move.
Are you sure you want to abandon this character and quit the game? (Confirm with "yes".)
Okay, then.
You cannot move.
Okay, then.
You cannot move.
Okay, then.
Unknown command.
You feel as though your hastened speed will last longer.
You feel as though your hastened speed will last longer.
You feel protected.
You feel protected.
Are you sure you want to abandon this character and quit the game? (Confirm with "yes".)

....####.........# #.#######
.#.## ########### #.#......
.#.######### #.#.#####
.#)##......# #...# ......####.#
####..... ...#..# #.# .....
.#.#..####.# ...## ...#.......#
######## ...## .#.##......#
#♣<....#### ...## ...........#
#.......... ...# ######.##..#
#.......... ####
°....#.....#####............
.○..○#.....#.(...†........w.
.....#.....#.####+####....). ###
°....#.....#.####.# ...... #..
....©#©....#....#.####..........#
.....#...######.#....#....<.....


There were no monsters in sight!

Vanquished Creatures
  2 fire bats (D:4)
  A bombardier beetle (D:4)
  2 jellies (D:4)
  An iguana (D:4)
  Terence (D:3)
  2 gnolls (D:3)
  3 adders
  A ribbon worm (D:3)
  3 dart slugs
  4 orcs
  10 ball pythons
  5 endoplasms
  3 giant cockroaches (D:1)
  6 goblins
  7 hobgoblins
  3 jackals
  2 bats
  4 frilled lizards
  9 kobolds
  5 rats
74 creatures vanquished.

Vanquished Creatures (others)
  A ribbon worm (D:2)
1 creature vanquished.

Grand Total: 75 creatures vanquished

Notes
Turn   | Place    | Note
-------+----------+-------------------------------------------
     0 | D:1      | Jo5h the Gargoyle Berserker began the quest for the Orb.
     0 | D:1      | Reached XP level 1. HP: 14/14 MP: 1/1
   171 | D:1      | Reached XP level 2. HP: 14/19 MP: 2/2
   651 | D:1      | Reached XP level 3. HP: 22/24 MP: 3/3
  1004 | D:2      | Reached ** piety under Trog
  1832 | D:3      | Found a radiant altar of Vehumet.
  1844 | D:3      | Reached XP level 4. HP: 23/29 MP: 4/4
  2348 | D:3      | Reached skill level 1 in Axes
  2398 | D:3      | Noticed Terence
  2406 | D:3      | Killed Terence
  2582 | D:3      | Found a shimmering altar of Xom.
  2593 | D:3      | Reached XP level 5. HP: 28/33 MP: 5/5
  2596 | D:3      | Found an ornate altar of the Wu Jian Council.
  2596 | D:3      | Found an ancient bone altar of Kikubaaqudgha.
  2630 | D:3      | Found a burning altar of Makhleb.
  2631 | D:3      | Found a shimmering blue altar of Sif Muna.
  2840 | D:4      | Found a transporter.
  2844 | D:4      | Noticed a fire bat
  2850 | D:4      | Noticed a fire bat
  3105 | D:4      | Identified the +9 hand axe of Evisceration {protect,
                  | ^Fragile rElec rPois Will-}
  3207 | D:4      | Reached XP level 6. HP: 25/39 MP: 6/6
  3384 | D:4      | Found a transporter.
  3401 | D:4      | Killed a fire bat
  3427 | D:4      | Killed a fire bat
  3428 | D:4      | Reached XP level 7. HP: 28/44 MP: 7/7
  3535 | D:4      | Quit the game

Illustrated notes

Levels and vault maps discovered:
D:1:      zaba_arrival_water, layout_basic
D:2:      layout_basic, minmay_gold_behind_fungi
D:3:      layout_loops_ring, minmay_overflow_temple_star_hex,
          fiery_altar_vehumet, small_statue_intersection, minmay_cupped,
          uniq_terence
D:4:      gammafunk_cloud_chamber, layout_basic, kennysheep_small_square

Skill      XL: |  1  2  3  4  5  6 |
---------------+-------------------+-----
Fighting       | 4 |  4.9
Dodging        | 2 |  2.9
Axes           | 1 3 4 |  4.5
Armour         | 3 |  3.1
Maces & Flails | |  3.6
Stealth        | |  0.6

Action                     |  1- 3 |  4- 6 |  7- 9 || total
---------------------------+-------+-------+-------++-------
  Melee: Mace              |    61 |       |       ||    61
         Punch             |     1 |       |       ||     1
         Battleaxe         |    61 |       |       ||    61
         War axe           |     3 |    70 |       ||    73
         Hand axe          |       |    27 |     4 ||    31
    Use: Potion            |       |       |    11 ||    11
 Armour: Animal skin       |   125 |    14 |       ||   139
         Scale mail        |       |    68 |     8 ||    76
  Dodge: Dodged            |   149 |    78 |       ||   227
